Map: Montaña Asper

Players

MrFercho

  • Race: Terran Terran
  • Spawn Location: 12:00

tigro

  • Race: Terran Terran
  • Spawn Location: 9:00

IA (Más difícil)

  • Race: Zerg Zerg
  • Spawn Location: 1:00

IA (Más difícil)

  • Race: Protoss Protoss
  • Spawn Location: 3:00

IA (Más difícil)

  • Race: Zerg Zerg
  • Spawn Location: 5:00

IA (Más difícil)

  • Race: Protoss Protoss
  • Spawn Location: 9:00

VOD

Have the link to the VOD?

Description

Time

  • Played on: Oct. 2, 2018, 10:20 p.m.
  • Length: 7:44
Show
View Real Time Build Order
Export as new Build Order

MrFercho Terran 

Build Orders:  

Get SALT Encoding   

  12  0:03  SCV  
  13  0:24  SCV  
  13  0:26  Supply Depot  
  14  0:31  Refinery  
  14  0:35  Refinery  
  14  0:46  SCV  
  15  0:50  Supply Depot  
  15  1:09  SCV  
  16  1:14  Barracks  
  16  1:21  SCV  
  17  1:33  SCV  
  18  1:45  SCV  
  19  1:58  SCV  
  20  2:10  SCV  
  20  2:13  Engineering Bay  
  21  2:22  Marine, SCV  
  23  2:32  Barracks  
  23  2:39  Marine, Engineering Bay  
  23  2:40  Factory  
  23  2:44  SCV  
  25  2:56  SCV  
  26  3:04  Barracks Reactor  
  25  3:08  SCV  
  26  3:31  Cyclone  
  29  3:51  Armory  
  29  3:55  Barracks Tech Lab  
  29  4:18  Marauder  
  29  4:19  Marine x2  
  29  4:30  Supply Depot  
  29  4:40  Marauder  
  31  4:52  Supply Depot  
  31  5:08  Starport  
  31  5:15  Supply Depot  
  29  5:22  Factory Tech Lab  
  29  5:25  Marauder, Marine x2  
  31  5:38  Liberator, Supply Depot  
  29  5:43  Marine x2  
  29  5:45  Factory  
  29  5:46  Marauder  
  29  5:48  Terran Infantry Armor Level 1  
  29  5:49  Terran Infantry Weapons Level 1  
  36  6:01  Marine x2  
  36  6:03  Siege Tank  
  35  6:19  Marine x2  
  34  6:32  Marauder  
  35  6:35  Thor  
  27  6:52  Marine x2  
  27  6:53  Marauder  
  28  7:09  Marine  
  28  7:10  Marine  
  28  7:15  Marauder  
Show
View Real Time Build Order
Export as new Build Order

tigro Terran 

Build Orders: Gas First Reaper Expand 

Get SALT Encoding   

  12  0:26  SCV  
  13  0:34  Refinery  
  13  0:38  SCV  
  14  0:43  Refinery  
  14  0:50  SCV  
  14  0:54  Supply Depot  
  15  1:16  SCV  
  16  1:18  Supply Depot, Engineering Bay  
  16  1:28  SCV  
  17  1:40  SCV  
  17  1:46  Barracks  
  18  1:52  SCV  
  19  2:11  Missile Turret  
  19  2:14  SCV  
  17  2:48  Marine  
  18  2:54  Planetary Fortress  
  18  3:05  Marine  
  18  3:20  Barracks  
  18  3:23  Marine  
  18  3:41  Marine  
  19  3:59  Marine  
  19  4:09  Marine  
  19  4:17  Marine  
  20  4:27  Marine  
  21  4:32  Terran Infantry Weapons Level 1  
  21  4:34  Marine  
  21  4:45  Marine  
  21  4:52  Marine  
  20  5:03  Marine  
  19  5:10  Reaper  
  19  5:20  Marine  
  20  5:27  Barracks  
  19  5:38  Reaper  
  17  6:19  Command Center  
Show
View Real Time Build Order
Export as new Build Order

IA (Más difícil) Zerg 

Build Orders: 1 Base Baneling Bust, Pool Only, Zergling Baneling 

Get SALT Encoding   

  12  0:01  Drone  
  13  0:12  Overlord  
  13  0:16  Drone  
  14  0:30  Drone  
  14  0:31  Drone  
  16  0:43  Spawning Pool  
  16  0:45  Drone  
  16  0:50  Drone  
  16  0:52  Extractor  
  16  0:56  Drone  
  17  1:06  Overlord  
  17  1:31  Zergling x2  
  17  1:32  Queen  
  20  1:34  Zergling x2  
  20  1:38  Roach Warren, Drone  
  21  1:45  Extractor  
  20  1:49  Drone  
  21  1:55  Baneling Nest  
  21  2:00  Drone  
  21  2:11  Drone  
  22  2:22  Zergling x2  
  23  2:32  Drone  
  24  2:38  Overlord  
  24  2:39  Zergling x2  
  24  2:42  Zergling x2  
  26  2:45  Baneling, Zergling x2  
  26  2:48  Baneling x3  
  27  2:55  Drone  
  28  3:02  Baneling  
  28  3:05  Zergling x2  
  27  3:08  Baneling  
  27  3:10  Zergling x2  
  26  3:13  Zergling x2  
  26  3:15  Zergling x2  
  26  3:18  Baneling  
  26  3:19  Baneling, Zergling x2  
  29  3:25  Baneling  
  29  3:27  Zergling x2  
  29  3:28  Metabolic Boost  
  30  3:38  Zergling x2  
  31  3:42  Zergling x2  
  31  3:44  Overlord  
  31  3:48  Zergling x2  
  33  3:51  Baneling  
  33  3:54  Zergling x2  
  30  3:58  Baneling  
  30  4:01  Baneling x2  
  30  4:02  Baneling  
  30  4:05  Zergling x2  
  31  4:11  Zergling x2  
  30  4:19  Zergling x2  
  29  4:27  Zergling x2  
  28  4:34  Zergling x2  
  28  4:38  Zergling x2  
  27  4:41  Zergling x2  
  27  4:44  Baneling  
  27  4:45  Baneling, Zergling x2  
  27  4:49  Zergling x2  
  29  4:53  Zergling x2  
  29  4:56  Baneling  
  29  4:57  Baneling x2, Zergling x2  
  29  5:02  Zergling x2  
  29  5:05  Baneling  
  28  5:13  Zergling x2  
  27  5:17  Baneling, Zergling x2  
  27  5:21  Zergling x2  
  28  5:24  Baneling, Zergling x2  
  27  5:28  Zergling x2  
  27  5:32  Baneling  
  25  5:41  Queen  
  26  5:46  Zergling x2  
  24  5:53  Roach  
  26  5:59  Roach  
  28  6:18  Lair  
  26  6:30  Drone  
  27  6:35  Zergling x2  
  27  6:38  Zergling x2  
  25  6:41  Zergling x2  
  12  7:15  Drone  
  12  7:21  Hydralisk Den  
  13  7:26  Drone  
Show
View Real Time Build Order
Export as new Build Order

IA (Más difícil) Protoss 

Build Orders: 1 Gate Expand 

Get SALT Encoding   

  12  0:01  Probe  
  13  0:13  Probe  
  14  0:21  Pylon  
  14  0:25  Probe  
  15  0:35  Probe  
  16  0:43  Probe  
  17  0:52  Gateway  
  17  1:10  Probe, Nexus  
  18  1:30  Pylon  
  18  1:33  Assimilator  
  18  1:42  Zealot  
  18  1:44  Cybernetics Core  
  18  1:45  Probe  
  21  1:55  Probe  
  22  2:03  Probe  
  23  2:09  Gateway  
  23  2:11  Probe  
  23  2:15  Assimilator  
  23  2:20  Probe  
  23  2:21  Stalker  
  27  2:31  Probe  
  28  2:46  Pylon  
  28  2:48  Adept  
  30  2:51  Probe  
  30  2:52  Probe  
  30  2:56  Adept  
  32  3:01  Probe  
  32  3:03  Probe  
  32  3:05  Warp Gate  
  36  3:09  Probe  
  34  3:14  Probe  
  34  3:18  Zealot  
  38  3:27  Gateway  
  38  3:29  Zealot  
  40  3:42  Adept  
  42  3:53  Adept  
  42  3:54  Pylon  
  38  4:08  Zealot  
  38  4:16  Assimilator  
  40  4:20  Sentry  
  40  4:23  Assimilator  
  36  4:33  Stalker  
  36  4:37  Probe  
  34  4:39  Probe  
  34  4:49  Probe  
  34  4:51  Probe  
  34  4:52  Adept  
  38  5:05  Adept  
  36  5:18  Zealot  
  36  5:20  Stargate  
  36  5:31  Zealot  
  34  5:44  Adept  
  34  5:46  Probe  
  33  5:57  Sentry  
  33  6:00  Probe  
  35  6:04  Probe  
  35  6:08  Probe  
  35  6:10  Stalker  
  38  6:16  Probe  
  38  6:17  Probe  
  40  6:23  Zealot  
  41  6:26  Pylon  
  41  6:28  Probe  
  41  6:30  Probe  
  43  6:36  Zealot  
  43  6:40  Probe  
  43  6:42  Probe  
  45  6:49  Adept  
  45  6:52  Forge  
  45  6:53  Probe  
  45  7:02  Adept, Probe  
  45  7:05  Probe  
  46  7:13  Probe  
  46  7:14  Probe  
  46  7:15  Stalker  
  49  7:21  Pylon  
  50  7:26  Probe x2  
  50  7:28  Sentry  
Show
View Real Time Build Order
Export as new Build Order

IA (Más difícil) Zerg 

Build Orders: Pool First 

Get SALT Encoding   

  12  0:01  Drone  
  13  0:12  Overlord  
  13  0:17  Drone  
  14  0:30  Drone x2  
  14  0:34  Drone  
  17  0:59  Overlord, Drone  
  17  1:02  Spawning Pool  
  17  1:18  Extractor  
  17  1:20  Hatchery  
  17  1:23  Drone  
  16  1:26  Drone  
  16  1:30  Drone  
  18  1:38  Drone  
  19  1:49  Zergling x2  
  19  1:51  Queen  
  22  2:00  Zergling x2  
  23  2:06  Roach Warren  
  22  2:10  Drone  
  22  2:13  Extractor  
  22  2:21  Drone  
  23  2:38  Drone  
  24  2:46  Roach x2  
  24  2:47  Roach  
  30  2:53  Overlord  
  30  2:54  Roach  
  32  2:59  Zergling x2  
  33  3:06  Baneling Nest  
  33  3:12  Lair  
  31  3:34  Extractor  
  30  3:36  Extractor  
  30  3:37  Drone  
  30  3:41  Drone  
  31  3:45  Drone  
  32  3:49  Zergling x2  
  32  3:55  Baneling  
  33  3:59  Drone  
  34  4:03  Drone  
  34  4:07  Overlord, Drone  
  36  4:15  Spire  
  35  4:18  Drone  
  35  4:22  Drone  
  37  4:25  Drone  
  37  4:28  Drone  
  39  4:33  Drone  
  39  4:35  Drone  
  41  4:40  Drone  
  41  4:42  Drone  
  43  4:46  Zergling x2, Overlord  
  44  4:56  Zergling x2  
  45  5:01  Zergling x2  
  46  5:07  Baneling  
  46  5:08  Baneling, Zergling x2  
  47  5:19  Drone  
  48  5:25  Overlord  
  48  5:27  Drone  
  48  5:28  Mutalisk  
  51  5:30  Drone  
  51  5:33  Drone, Mutalisk  
  55  5:39  Mutalisk  
  55  5:41  Metabolic Boost  
  57  5:43  Drone  
  57  5:44  Drone  
  57  5:45  Mutalisk  
  57  5:49  Overlord  
  61  5:52  Drone  
  61  5:55  Drone  
  63  5:58  Baneling  
  62  6:04  Baneling, Zergling x2  
  62  6:06  Drone  
  62  6:09  Evolution Chamber  
  63  6:11  Drone  
  63  6:13  Drone  
  63  6:16  Drone  
  63  6:18  Drone  
  67  6:20  Drone  
  67  6:24  Overlord  
  68  6:31  Drone  
  69  6:33  Drone  
  70  6:41  Drone  
  70  6:42  Drone  
  70  6:44  Drone  
  70  6:46  Drone  
  74  6:48  Drone  
  74  6:53  Overlord  
  75  6:54  Drone  
  76  7:04  Drone  
  76  7:05  Drone  
  78  7:12  Zergling x2  
  79  7:18  Zergling x2, Overlord  
  80  7:23  Zergling x2  
  80  7:29  Baneling  
  81  7:30  Baneling  
Show
View Real Time Build Order
Export as new Build Order

IA (Más difícil) Protoss 

Build Orders: 1 Gate Expand 

Get SALT Encoding   

  12  0:01  Probe  
  13  0:13  Probe  
  14  0:20  Pylon  
  14  0:25  Probe  
  15  0:34  Probe  
  16  0:43  Probe  
  17  0:51  Gateway  
  17  1:10  Probe  
  17  1:14  Nexus  
  18  1:31  Pylon  
  18  1:32  Assimilator  
  18  1:40  Zealot  
  18  1:42  Probe, Cybernetics Core  
  21  1:53  Probe  
  22  2:01  Probe  
  22  2:06  Gateway  
  23  2:10  Probe  
  23  2:11  Stalker  
  23  2:14  Assimilator  
  26  2:26  Probe  
  26  2:28  Pylon  
  25  2:39  Zealot  
  27  2:46  Stalker  
  29  3:07  Zealot  
  31  3:13  Stalker  
  31  3:17  Probe  
  34  3:21  Probe  
  35  3:29  Probe  
  35  3:31  Adept, Warp Gate  
  35  3:33  Probe  
  39  3:41  Stalker  
  41  3:52  Assimilator  
  41  3:58  Adept, Probe  
  41  4:02  Probe  
  45  4:03  Zealot  
  45  4:11  Pylon, Probe  
  48  4:19  Stalker  
  48  4:28  Gateway  
  48  4:30  Zealot  
  52  4:48  Stalker  
  52  4:50  Adept  
  56  5:02  Pylon  
  48  5:24  Zealot  
  48  5:25  Zealot  
  52  5:30  Zealot  
  52  5:38  Probe  
  52  5:39  Probe  
  52  5:40  Pylon  
  52  5:42  Sentry  
  50  5:43  Robotics Facility  
  46  5:54  Adept  
  48  6:04  Probe  
  48  6:05  Zealot  
  48  6:06  Probe  
  51  6:16  Forge, Probe  
  51  6:17  Zealot  
  52  6:27  Probe  
  52  6:29  Sentry, Probe  
  56  6:37  Probe  
  56  6:39  Probe  
  57  6:41  Adept  
  57  6:45  Probe  
  60  6:51  Probe  
  60  6:52  Zealot  
  64  6:56  Probe  
  64  7:01  Pylon  
  65  7:04  Probe, Zealot  
  65  7:06  Probe  
  68  7:15  Probe  
  69  7:16  Probe  
  73  7:26  Pylon  
  73  7:27  Adept, Probe  
  73  7:28  Probe  
  75  7:39  Adept  
Tags
 
Add a new tag
Caveats
  • Supply blocks, unpowered buildings, or Contaminate may cause inaccurate times.
  • Supply counts are checked every 10 seconds.